SNL (28 & UNDER)
WICHITA WRANGLERS @ BEAUMONT ROUGHNECKS
06/13/2028
 
TOP OF THE 1ST
Wichita Wranglers batting - Pitching for Beaumont Roughnecks : RHP Allen Collins
Pitching: RHP Allen Collins
Batting: RHB Gabriel Erwin 0-0: Called Strike
0-1: Ground out 1-3 (Groundball, 13)
Batting: SHB José López 0-0: Fly out, F7 (Flyball, 7)
Batting: RHB Hubert MacDonald 0-0: Foul Ball, location: 2F
0-1: Fly out, F7 (Line Drive, 7)
Top of the 1st over - 0 run(s), 0 hit(s), 0 error(s), 0 left on base; Wichita 0 - Beaumont 0
BOTTOM OF THE 1ST
Beaumont Roughnecks batting - Pitching for Wichita Wranglers : RHP Jeff Valdés
Pitching: RHP Jeff Valdés
Batting: RHB Miguel Costa 0-0: Ball
1-0: Called Strike
1-1: Called Strike
1-2: Ball
2-2: Strikes out looking
Batting: RHB António Aguilar 0-0: Called Strike
0-1: Swinging Strike
0-2: Ball
1-2: Fly out, F7 (Flyball, 7LMF)
Batting: LHB Cam Flowers 0-0: Ball
1-0: Ball
2-0: Swinging Strike
2-1: Ball
3-1: Fly out, F8 (Flyball, 8RM)
Bottom of the 1st over - 0 run(s), 0 hit(s), 0 error(s), 0 left on base; Wichita 0 - Beaumont 0
TOP OF THE 2ND
Wichita Wranglers batting - Pitching for Beaumont Roughnecks : RHP Allen Collins
Batting: RHB Oliver Todd 0-0: Called Strike
0-1: SINGLE (Flyball, 8RS)
Batting: RHB Félix Gonzáles 0-0: Ball
1-0: Called Strike
1-1: Foul Ball, location: 2F
1-2: Strikes out swinging
Batting: LHB Milo Powers 0-0: Ball
1-0: Called Strike
1-1: Ball
2-1: Called Strike
2-2: Strikes out looking
Batting: LHB Richard Hinkle 0-0: Reached on error, E3 (Groundball, 3)
Oliver Todd to second
Batting: RHB José López 0-0: Ball
1-0: Called Strike
1-1: Swinging Strike
1-2: Ball
2-2: Strikes out swinging
Top of the 2nd over - 0 run(s), 1 hit(s), 1 error(s), 2 left on base; Wichita 0 - Beaumont 0
BOTTOM OF THE 2ND
Beaumont Roughnecks batting - Pitching for Wichita Wranglers : RHP Jeff Valdés
Batting: LHB Bernardo Morales 0-0: Called Strike
0-1: Swinging Strike
0-2: Strikes out swinging
Batting: RHB Si-xun Li 0-0: Ground out 5-3 (Groundball, 5S)
Now at 3B: Wayne Matthews
Batting: LHB Enrique Cruz 0-0: Ball
1-0: Fly out, F8 (Flyball, 78M)
Bottom of the 2nd over - 0 run(s), 0 hit(s), 0 error(s), 0 left on base; Wichita 0 - Beaumont 0
TOP OF THE 3RD
Wichita Wranglers batting - Pitching for Beaumont Roughnecks : RHP Allen Collins
Batting: RHB Jesús Ramos 0-0: Foul Ball, location: 2F
0-1: Ball
1-1: Ground out 6-3 (Groundball, 6)
Batting: RHB Gabriel Erwin 0-0: Ball
1-0: Called Strike
1-1: DOUBLE (Line Drive, 7LS)
Batting: SHB José López 0-0: Called Strike
0-1: Ball
1-1: Ball
2-1: Ball
3-1: Reached on error, E4 (Groundball, 4)
Gabriel Erwin to third
Batting: SHB Wayne Matthews 0-0: Ball
1-0: Called Strike
1-1: Fly out, F9 (Flyball, 9)
Runner from 3rd tags up, SCORES, no throw
Batting: RHB Oliver Todd 0-0: Fly out, F7 (Flyball, 78M)
Top of the 3rd over - 1 run(s), 1 hit(s), 1 error(s), 1 left on base; Wichita 1 - Beaumont 0
BOTTOM OF THE 3RD
Beaumont Roughnecks batting - Pitching for Wichita Wranglers : RHP Jeff Valdés
Batting: RHB Albert Alemán 0-0: Ball
1-0: Fly out, F6 (Popup, 6S)
Batting: RHB Darwin Crane 0-0: Ball
1-0: Fly out, F5 (Line Drive, 5)
Batting: RHB Franklin Lawrence 0-0: Foul Ball, location: 2F
0-1: Ball
1-1: Ball
2-1: Ball
3-1: Swinging Strike
3-2: Strikes out swinging
Bottom of the 3rd over - 0 run(s), 0 hit(s), 0 error(s), 0 left on base; Wichita 1 - Beaumont 0
TOP OF THE 4TH
Wichita Wranglers batting - Pitching for Beaumont Roughnecks : RHP Allen Collins
Batting: RHB Félix Gonzáles 0-0: Called Strike
0-1: Ground out 5-3 (Groundball, 5)
Batting: LHB Milo Powers 0-0: Ball
1-0: Foul Ball, location: 2F
1-1: Ball
2-1: SINGLE (Groundball, 6MD)
Batting: LHB Richard Hinkle 0-0: Swinging Strike
0-1: Ball
1-1: Called Strike
1-2: Foul Ball, location: 2F
1-2: Strikes out swinging
Batting: RHB José López 0-0: Ball
1-0: Called Strike
1-1: Fly out, F8 (Flyball, 8RD)
Top of the 4th over - 0 run(s), 1 hit(s), 0 error(s), 1 left on base; Wichita 1 - Beaumont 0
BOTTOM OF THE 4TH
Beaumont Roughnecks batting - Pitching for Wichita Wranglers : RHP Jeff Valdés
Batting: RHB Miguel Costa 0-0: Called Strike
0-1: Ball
1-1: Foul Ball, location: 2F
1-2: Strikes out swinging
Batting: RHB António Aguilar 0-0: Fly out, F9 (Flyball, 9)
Batting: LHB Cam Flowers 0-0: Foul Ball, location: 2F
0-1: Foul Ball, location: 2F
0-2: Strikes out looking
Bottom of the 4th over - 0 run(s), 0 hit(s), 0 error(s), 0 left on base; Wichita 1 - Beaumont 0
TOP OF THE 5TH
Wichita Wranglers batting - Pitching for Beaumont Roughnecks : RHP Allen Collins
Batting: RHB Jesús Ramos 0-0: Called Strike
0-1: Swinging Strike
0-2: Ball
1-2: Strikes out swinging
Batting: RHB Gabriel Erwin 0-0: Ball
1-0: Swinging Strike
1-1: Ball
2-1: Foul Ball, location: 2F
2-2: SINGLE (Groundball, 56D)
Batting: SHB José López 0-0: Ball
Gabriel Erwin is caught stealing 2nd base
1-0: Ball
2-0: Foul Ball, location: 2F
2-1: Ball
3-1: Foul Ball, location: 2F
3-2: Ground out 5-3 (Groundball, 56S)
Top of the 5th over - 0 run(s), 1 hit(s), 0 error(s), 0 left on base; Wichita 1 - Beaumont 0
BOTTOM OF THE 5TH
Beaumont Roughnecks batting - Pitching for Wichita Wranglers : RHP Jeff Valdés
Batting: LHB Bernardo Morales 0-0: Swinging Strike
0-1: Swinging Strike
0-2: Ball
1-2: Strikes out swinging
Batting: RHB Si-xun Li 0-0: Ball
1-0: Foul Ball, location: 2F
1-1: Ground out 5-3 (Groundball, 5)
Batting: LHB Enrique Cruz 0-0: Fly out, F9 (Flyball, 9LD)
Bottom of the 5th over - 0 run(s), 0 hit(s), 0 error(s), 0 left on base; Wichita 1 - Beaumont 0
TOP OF THE 6TH
Wichita Wranglers batting - Pitching for Beaumont Roughnecks : RHP Allen Collins
Batting: SHB Wayne Matthews 0-0: Called Strike
0-1: Ball
1-1: Fly out, F7 (Flyball, 78S)
Batting: RHB Oliver Todd 0-0: Swinging Strike
0-1: SINGLE (Flyball, 7LS)
Batting: RHB Félix Gonzáles 0-0: Ball
1-0: Ball
2-0: Called Strike
2-1: Ball
Oliver Todd steals 2nd base
3-1: SINGLE (Line Drive, 78S)
Oliver Todd to third
Batting: LHB Milo Powers 0-0: Grounds into double play, 1-6-3 (Groundball, 13S)
Top of the 6th over - 0 run(s), 2 hit(s), 0 error(s), 1 left on base; Wichita 1 - Beaumont 0
BOTTOM OF THE 6TH
Beaumont Roughnecks batting - Pitching for Wichita Wranglers : RHP Jeff Valdés
Batting: RHB Albert Alemán 0-0: Called Strike
0-1: Ball
1-1: Fly out, F9 (Flyball, 9LM)
Batting: RHB Darwin Crane 0-0: Ball
1-0: Ball
2-0: Ground out 6-3 (Groundball, 6)
Batting: RHB Franklin Lawrence 0-0: Called Strike
0-1: Foul Ball, location: 2F
0-2: Foul Ball, location: 2F
0-2: Ball
1-2: Foul Ball, location: 2F
1-2: Ball
2-2: Ball
3-2: Base on Balls
Batting: RHB Miguel Costa 0-0: Called Strike
0-1: Ball
1-1: Ball
2-1: Ball
Passed Ball!
Franklin Lawrence to second
3-1: Foul Ball, location: 2F
3-2: Foul Ball, location: 2F
3-2: Base on Balls
Batting: RHB António Aguilar 0-0: Ball
1-0: Called Strike
1-1: SINGLE (Line Drive, 9LS)
Franklin Lawrence to third
Miguel Costa to second
Runner from 3rd tries for Home, SAFE, no throw
Batting: LHB Cam Flowers 0-0: Called Strike
0-1: Ground out 3-1 (Groundball, 34)
Bottom of the 6th over - 1 run(s), 1 hit(s), 0 error(s), 2 left on base; Wichita 1 - Beaumont 1
TOP OF THE 7TH
Wichita Wranglers batting - Pitching for Beaumont Roughnecks : RHP Allen Collins
Batting: LHB Richard Hinkle 0-0: Ball
1-0: Ball
2-0: Ball
3-0: Called Strike
3-1: SINGLE (Groundball, 34D)
Pinch Hitting: RHB Jorge Barbosa 0-0: Ball
1-0: Called Strike
1-1: Sac Bunt - play at first, batter OUT! 2-3
Richard Hinkle to second
Batting: RHB Jesús Ramos 0-0: Ball
1-0: Ground out 5-3 (Groundball, 56)
Batting: RHB Gabriel Erwin 0-0: SINGLE (Line Drive, 6)
Richard Hinkle to third
Batting: SHB José López 0-0: Ball
1-0: Ball
2-0: SINGLE (Flyball, 8LS)
Richard Hinkle scores
Gabriel Erwin to second
Batting: SHB Wayne Matthews 0-0: Ball
1-0: Fly out, F8 (Flyball, 8RM)
Top of the 7th over - 1 run(s), 3 hit(s), 0 error(s), 2 left on base; Wichita 2 - Beaumont 1
BOTTOM OF THE 7TH
Beaumont Roughnecks batting - Pitching for Wichita Wranglers : RHP Jeff Valdés
Now at 2B: Lewis Woods
Batting: LHB Bernardo Morales 0-0: Called Strike
0-1: Fly out, F7 (Flyball, 78S)
Batting: RHB Si-xun Li 0-0: Ball
1-0: SINGLE (Groundball, 6) (infield hit)
Batting: LHB Enrique Cruz 0-0: Ball
1-0: Swinging Strike
1-1: Swinging Strike
1-2: Ball
2-2: Ball
3-2: Fly out, F7 (Flyball, 7D)
Runner from 1st tags up, SAFE at 2nd
Batting: RHB Albert Alemán 0-0: Ball
1-0: Called Strike
1-1: Foul Ball, location: 2F
1-2: Ball
2-2: Foul Ball, location: 2F
2-2: Foul Ball, location: 2F
2-2: Ground out 3-1 (Groundball, 34S)
Bottom of the 7th over - 0 run(s), 1 hit(s), 0 error(s), 1 left on base; Wichita 2 - Beaumont 1
TOP OF THE 8TH
Wichita Wranglers batting - Pitching for Beaumont Roughnecks : RHP Allen Collins
Batting: RHB Oliver Todd 0-0: Called Strike
0-1: Foul Ball, location: 2F
0-2: Foul Ball, location: 2F
0-2: Ball
1-2: Foul Ball, location: 2F
1-2: Foul Ball, location: 2F
1-2: TRIPLE (Flyball, 78XD)
Pitching: RHP Jesús Ortíz
Batting: RHB Félix Gonzáles 0-0: Called Strike
0-1: SINGLE (Line Drive, 6MD)
Oliver Todd scores
Batting: LHB Milo Powers 0-0: Swinging Strike
0-1: Reached on error, E4 (Groundball, 4D)
Félix Gonzáles to second
Batting: LHB Richard Hinkle 0-0: Called Strike
0-1: Ball
1-1: Foul Ball, location: 2F
1-2: Foul Ball, location: 2F
1-2: Ball
Wild Pitch!
Félix Gonzáles to third
Milo Powers to second
2-2: 3-RUN HOME RUN (Line Drive, 89XD), Distance : 428 ft
Pitching: RHP Gustavo Rodríguez
Batting: SHB Lewis Woods 0-0: Ball
1-0: Ball
2-0: Ball
3-0: Called Strike
3-1: Called Strike
3-2: Ground out 1-3 (Groundball, 13)
Batting: RHB Jesús Ramos 0-0: Ball
1-0: Ball
2-0: Called Strike
2-1: Ball
3-1: Fly out, F6 (Line Drive, 6)
Batting: RHB Gabriel Erwin 0-0: Called Strike
0-1: Ball
1-1: Fly out, F7 (Flyball, 7S)
Top of the 8th over - 4 run(s), 3 hit(s), 1 error(s), 0 left on base; Wichita 6 - Beaumont 1
BOTTOM OF THE 8TH
Beaumont Roughnecks batting - Pitching for Wichita Wranglers : RHP Jeff Valdés
Batting: RHB Darwin Crane 0-0: Ball
1-0: Ball
2-0: Ball
3-0: Base on Balls
Batting: RHB Franklin Lawrence 0-0: Called Strike
0-1: SINGLE (Line Drive, 56D)
Darwin Crane to second
Pitching: RHP Juan Vázquez
Batting: RHB Miguel Costa 0-0: Ball
1-0: Ball
2-0: Fly out, F8 (Flyball, 8RM)
Batting: RHB António Aguilar 0-0: Swinging Strike
0-1: Foul Ball, location: 2F
0-2: Strikes out swinging
Batting: LHB Cam Flowers 0-0: Called Strike
0-1: Foul Ball, location: 2F
0-2: Ball
1-2: Ball
2-2: SINGLE (Groundball, 3L) (infield hit)
Darwin Crane to third
Franklin Lawrence to second
Pitching: RHP Luis Pérez
Batting: LHB Bernardo Morales 0-0: Called Strike
0-1: Ball
1-1: Called Strike
1-2: Ball
2-2: Ball
3-2: Foul Ball, location: 2F
3-2: Foul Ball, location: 2F
3-2: SINGLE (Groundball, 34D)
Darwin Crane scores
Franklin Lawrence to third
Cam Flowers to second
Franklin Lawrence scores
Cam Flowers to third
Batting: RHB Si-xun Li 0-0: Called Strike
0-1: Fly out, F8 (Flyball, 78XD)
Bottom of the 8th over - 2 run(s), 3 hit(s), 0 error(s), 2 left on base; Wichita 6 - Beaumont 3
TOP OF THE 9TH
Wichita Wranglers batting - Pitching for Beaumont Roughnecks : RHP Gustavo Rodríguez
Batting: SHB José López 0-0: Swinging Strike
0-1: Foul Ball, location: 2F
0-2: Strikes out swinging
Batting: SHB Wayne Matthews 0-0: Ball
1-0: Foul Ball, location: 2F
1-1: Foul Ball, location: 2F
1-2: Ball
2-2: SINGLE (Line Drive, 9LS)
Batting: RHB Oliver Todd 0-0: Called Strike
0-1: Foul Ball, location: 2F
0-2: Ball
1-2: Strikes out swinging
Batting: RHB Félix Gonzáles 0-0: Ball
1-0: Ball
2-0: Foul Ball, location: 2F
2-1: Swinging Strike
2-2: Foul Ball, location: 2F
2-2: Strikes out looking
Top of the 9th over - 0 run(s), 1 hit(s), 0 error(s), 1 left on base; Wichita 6 - Beaumont 3
BOTTOM OF THE 9TH
Beaumont Roughnecks batting - Pitching for Wichita Wranglers : RHP Luis Pérez
Pitching: RHP Todd Brewster
Batting: LHB Enrique Cruz 0-0: Ball
1-0: Called Strike
1-1: Ball
2-1: Ball
3-1: SOLO HOME RUN (Flyball, 89XD), Distance : 424 ft
Batting: RHB Albert Alemán 0-0: Foul Ball, location: 2F
0-1: Called Strike
0-2: Ball
1-2: Strikes out swinging
Batting: RHB Darwin Crane 0-0: Ball
1-0: Ball
2-0: Ball
3-0: Base on Balls
Batting: RHB Franklin Lawrence 0-0: Ball
1-0: Ball
2-0: Ball
3-0: Base on Balls
Darwin Crane to second
Batting: RHB Miguel Costa 0-0: Ball
1-0: Foul Ball, location: 2F
1-1: Foul Ball, location: 2F
1-2: Ball
2-2: Strikes out swinging
Batting: RHB António Aguilar 0-0: Ball
1-0: Ball
2-0: Ball
3-0: Called Strike
3-1: Called Strike
3-2: Strikes out swinging
Bottom of the 9th over - 1 run(s), 1 hit(s), 0 error(s), 2 left on base; Wichita 6 - Beaumont 4
Tuesday, August 8th, 2017 - OOTP Baseball 17.12 Build 75